 Dungeon Crawl Stone Soup version 0.20.1-1-g8b1a95d (webtiles) character file.

732 KleinerIrrer the Magician (level 7, -4/46 HPs)
             Began as a Mummy Ice Elementalist on July 7, 2017.
             Was a Follower of Cheibriados.
             Slain by an ice beast (11 damage)
             ... on level 5 of the Dungeon.
             The game lasted 00:22:40 (6938 turns).

KleinerIrrer the Magician (Mummy Ice Elementalist)  Turns: 6938, Time: 00:22:40

Health: -4/46      AC:  3    Str: 14    XL:     7   Next: 45%
Magic:  3/16       EV: 13    Int: 19    God:    Cheibriados [*.....]
Gold:   138        SH:  0    Dex: 16    Spells: 4/18 levels left

rFire    . . .     SeeInvis +   l - +4 shortbow
rCold    . . .     Gourm    .   (shield currently unavailable)
rNeg     + + +     Faith    .   a - +0 robe
rPois    ∞         Spirit   .   (no helmet)
rElec    .         Reflect  .   (no cloak)
rCorr    .         Harm     .   p - +0 pair of gloves
MR       .....                  (no boots)
Stlth    ++........             (no amulet)
Regen    0.2/turn               f - ring of see invisible
MPRegen  0.2/turn               k - ring of fire

@: about to teleport, very slow
A: no food or potions, fire vulnerability, cold resistance 1, negative energy
resistance 3, torment resistance, unbreathing
a: Bend Time, Renounce Religion


You were on level 5 of the Dungeon.
You worshipped Cheibriados.
Cheibriados was aware of your devotion.
You were not hungry.

You visited 2 branches of the dungeon, and saw 6 of its levels.

You collected 138 gold pieces.

Inventory:

Hand Weapons
 g - a +0 dagger
 l - a +4 shortbow (weapon)
 r - a +1 flail of protection
Missiles
 q - 45 arrows (quivered)
Armour
 a - a +0 robe (worn)
 i - a +0 ring mail
 p - a +0 pair of gloves (worn)
 u - a cursed +0 chain mail
Jewellery
 f - a ring of see invisible (left hand)
 k - a ring of fire (right hand)
Scrolls
 c - 2 scrolls of teleportation
 d - a scroll of immolation
 e - a scroll of amnesia
 h - a scroll of magic mapping
 j - a scroll of recharging {unknown}
 m - 3 scrolls of identify
 n - 3 scrolls of remove curse
 o - a scroll of fog {unknown}
 s - a scroll of enchant armour {unknown}
Books
 b - a book of Frost

   Spells                             Type                      Level
   a - Freeze                         Ice                          1
   b - Throw Frost                    Conjuration/Ice              2
   c - Ozocubu's Armour               Charms/Ice                   3
   d - Throw Icicle                   Conjuration/Ice              4
   e - Summon Ice Beast               Ice/Summoning                4
 t - a book of Misfortune

   Spells                             Type                      Level
   a - Confusing Touch                Hexes                        1
   b - Confuse                        Hexes                        3
   c - Gell's Gravitas                Translocation                3
   d - Petrify                        Transmutation/Earth          4
   e - Metabolic Englaciation         Hexes/Ice                    5
   f - Yara's Violent Unravelling     Hexes/Transmutation          5


   Skills:
 + Level 2.3 Dodging
 - Level 1.5 Stealth
 + Level 6.3 Spellcasting
 + Level 2.1 Conjurations
 * Level 1.2 Summonings
 * Level 5.1 Ice Magic


You had 4 spell levels left.
You knew the following spells:

 Your Spells              Type           Power        Failure   Level  Hunger
a - Freeze                Ice            ####         1%          1    N/A
b - Throw Frost           Conj/Ice       ###...       3%          2    N/A
c - Ozocubu's Armour      Chrm/Ice       ###.....     11%         3    N/A
d - Throw Icicle          Conj/Ice       ###.....     24%         4    N/A
e - Summon Ice Beast      Ice/Summ       ###.....     28%         4    N/A

Dungeon Overview and Level Annotations

Branches:
Dungeon (5/15)             Temple (1/1) D:4

Altars:
Ashenzari
Cheibriados
Dithmenos
Fedhas
Gozag
Hepliaklqana
Nemelex Xobeh
Ru
Uskayaw
Vehumet
Xom
Zin

Annotations:
D:3 ntldrmissing's ghost, weakling MiGl


Innate Abilities, Weirdness & Mutations

You do not eat or drink.
Your flesh is vulnerable to fire.
You are immune to poison.
Your flesh is cold resistant. (rC+)
You are immune to negative energy. (rN+++)
You are immune to unholy pain and torment.
You can survive without breathing.


Message History

No target in view!
Firing (i - inventory):
q - 47 arrows (quivered)
Press: ? - help, Shift-Dir - straight line, f/p - ice beast
Aim: an ice beast (lightly wounded)
You shoot an arrow.
The arrow hits the ice beast but does no damage.
The ice beast is lightly wounded.
Firing (i - inventory):
q - 46 arrows (quivered)
Press: ? - help, Shift-Dir - straight line, f/p - ice beast
Aim: an ice beast (lightly wounded)
You shoot an arrow. The arrow hits the ice beast.
The ice beast is lightly wounded.
The ice beast hits you. The ice beast freezes you!
As you read the scroll of teleportation, it crumbles to dust.
You feel strangely unstable. The ice beast hits you. The ice beast freezes you.
* * * LOW HITPOINT WARNING * * *
The ice beast hits you.
* * * LOW HITPOINT WARNING * * *
The ice beast freezes you!
You die...

(.. ##.# ....
#..#
....##..#
.....#..#
.......###
.(..(....####
#))†....#
#)Y.#.....#
##.@# ##...
#..# # . #..#
#..# #..#
#..# ####
##:# ...# #.#
.....# #.#


You could see an ice beast.

Vanquished Creatures
  Edmund (D:4)
  A phantom (D:4)
  An ogre (D:4)
  A crimson imp (D:5)
  A hound (D:4)
  3 orc wizards
  Terence (D:2)
  3 worker ants
  9 adders
  An ooze (D:2)
  3 worms
  5 leopard geckos
  16 orcs
  8 bats
  5 giant cockroaches
  10 goblins
  3 hobgoblins
  5 jackals
  3 quokkas
  2 ball pythons
  2 frilled lizards
  A jackal skeleton (D:4)
  6 kobolds
  A quokka skeleton (D:4)
  8 rats
100 creatures vanquished.

Notes
Turn   | Place    | Note
-------+----------+-------------------------------------------
     0 | D:1      | KleinerIrrer the Mummy Ice Elementalist began the quest for the Orb.
     0 | D:1      | Reached XP level 1. HP: 13/13 MP: 4/4
   439 | D:1      | Reached skill level 3 in Spellcasting
   444 | D:1      | Reached XP level 2. HP: 18/19 MP: 1/6
   456 | D:1      | Learned a level 2 spell: Throw Frost
  1775 | D:2      | Reached XP level 3. HP: 24/24 MP: 4/7
  2187 | D:2      | Learned a level 3 spell: Ozocubu's Armour
  2757 | D:2      | Reached skill level 4 in Spellcasting
  2893 | D:2      | Noticed Terence
  2913 | D:2      | Killed Terence
  2913 | D:2      | Reached XP level 4. HP: 30/30 MP: 0/10
  2920 | D:2      | Learned a level 4 spell: Throw Icicle
  2949 | D:2      | Found a sacrificial altar of Ru.
  3606 | D:3      | Found a faded altar of an unknown god.
  3833 | D:3      | Reached skill level 1 in Conjurations
  3833 | D:3      | Reached XP level 5. HP: 31/35 MP: 6/12
  3920 | D:3      | Noticed ntldrmissing's ghost (weakling MiGl)
  4901 | D:4      | Found a staircase to the Ecumenical Temple.
  4910 | Temple   | Entered the Ecumenical Temple
  4991 | Temple   | Became a worshipper of Cheibriados the Contemplative
  5048 | D:3      | Reached skill level 5 in Spellcasting
  5738 | D:4      | Found a shimmering altar of Xom.
  5875 | D:4      | Reached XP level 6. HP: 38/41 MP: 3/14
  6003 | D:4      | Learned a level 4 spell: Summon Ice Beast
  6216 | D:4      | Noticed Edmund
  6225 | D:4      | Killed Edmund
  6225 | D:4      | Reached skill level 6 in Spellcasting
  6225 | D:4      | Reached skill level 1 in Summonings
  6225 | D:4      | Reached XP level 7. HP: 29/46 MP: 7/16
  6514 | D:4      | Reached * piety under Cheibriados
  6619 | D:5      | Entered Level 5 of the Dungeon
  6647 | D:5      | Reached skill level 5 in Ice Magic
  6938 | D:5      | Slain by an ice beast

Skill      XL: |  1  2  3  4  5  6  7 |
---------------+----------------------+-----
Spellcasting   | 3 4 5 6 |  6.3
Dodging        | 2 |  2.3
Ice Magic      | 3 4 5 |  5.1
Conjurations   | 1 2 |  2.1
Summonings     | 1 |  1.2
Stealth        | |  1.5

Action                   |  1- 3 |  4- 6 |  7- 9 || total
-------------------------+-------+-------+-------++-------
Melee: Dagger            |    24 |    17 |       ||    41
 Fire: Shortbow          |       |    17 |    39 ||    56
 Cast: Freeze            |    60 |    74 |     5 ||   139
       Throw Frost       |    24 |    58 |     9 ||    91
       Ozocubu's Armour  |     1 |       |       ||     1
  Use: Scroll            |     3 |     3 |     1 ||     7
Armor: Robe              |    13 |    11 |     5 ||    29
Dodge: Dodged            |    49 |    44 |    21 ||   114
